 Dungeon Crawl Stone Soup version 0.24-a0-397-g73b976d (webtiles) character file.

Game seed: 7830044324177915000

133 Spazmo the Magician (level 4, 0/24 HPs)
             Began as a Deep Elf Fire Elementalist on June 4, 2019.
             Slain by Grinder (6 damage)
             ... while paralysed by Grinder
             ... on level 3 of the Dungeon.
             The game lasted 00:05:27 (1678 turns).

Spazmo the Magician (Deep Elf Fire Elementalist)    Turns: 1678, Time: 00:05:28

Health: 0/24       AC:  3    Str:  5    XL:     4   Next: 94%
Magic:  9/12       EV:  2    Int: 21    God:
Gold:   64         SH:  0    Dex: 15    Spells: 5/11 levels left

rFire    . . .     SeeInvis .   g - +0 short sword
rCold    + . .     Gourm    .   (no shield)
rNeg     . . .     Faith    .   a - +1 robe
rPois    .         Spirit   .   (no helmet)
rElec    .         Reflect  .   (no cloak)
rCorr    .         Harm     .   (no gloves)
MR       .....                  (no boots)
Stlth    ++........             (no amulet)
HPRegen  0.08/turn              n - ring of protection from cold
MPRegen  0.13/turn              (no ring)

@: paralysed
A: no striking features
a: no special abilities


You were on level 3 of the Dungeon.
You were not hungry.

You visited 1 branch of the dungeon, and saw 3 of its levels.

You collected 64 gold pieces.

Inventory:

Hand Weapons
 g - a +0 short sword (weapon)
Missiles
 e - 106 stones (quivered)
Armour
 a - a +1 robe (worn)
Jewellery
 n - a ring of protection from cold (left hand)
Scrolls
 b - 2 scrolls of identify
 f - 4 scrolls of remove curse
 h - a scroll of enchant armour
 l - 2 scrolls of fog
Potions
 d - a potion of curing
 j - a potion of degeneration {unknown}
 k - a potion of brilliance {unknown}
 m - a potion of magic {unknown}
 o - a potion of mutation {unknown}
Comestibles
 c - 8 rations
 i - a chunk of flesh


   Skills:
 - Level 3.0 Dodging
 - Level 3.0 Stealth
 + Level 4.4 Spellcasting
 + Level 2.8 Conjurations
 + Level 4.3 Fire Magic


You had 5 spell levels left.
You knew the following spells:

 Your Spells              Type           Power        Failure   Level  Hunger
a - Flame Tongue          Conj/Fire      ###..        2%          1    None
b - Throw Flame           Conj/Fire      ###...       4%          2    #......
c - Conjure Flame         Conj/Fire      ###.....     8%          3    ##.....

Your spell library contained the following spells:

 Spells                   Type           Power        Failure   Level  Hunger
 Inner Flame              Hex/Fire       ##......     14%         3    ##.....
 Sticky Flame             Conj/Fire      ###.....     26%         4    ####...
 Fireball                 Conj/Fire      ###.......   58%         5    ######.


Dungeon Overview and Level Annotations

Branches:
Dungeon (3/15)

Altars:

Annotations:
D:3 Grinder


Message History

You resist with significant effort.
Casting: Flame Tongue (safe; 2% risk of failure)
Confirm with . or Enter, or press ? or * to list all spells.
Aiming: Flame Tongue (safe; 2% risk of failure)
Press: ? - help, Shift-Dir - straight line, f/p - Grinder
Aim: Grinder (moderately wounded)
The flame tongue misses Grinder.
Grinder blinks!
Grinder gestures at you.
You suddenly lose the ability to move!
Found 20 bolts.
Grinder gestures at you. Pain shoots through your body!
Grinder says, "I used to sell toenails on the black market."
Grinder gestures at you. Pain shoots through your body! Grinder hits you.
Grinder hits you!
* * * LOW HITPOINT WARNING * * *
You writhe in agony.
You die...

... ..# .##.#
#.# .....##.#
......#.#####.#
#......<.....#
##.###.#######
#.# #.##(###.#
#.....5@.#
####.#####


You could see Grinder.

Vanquished Creatures
  Natasha (twice) (D:2)
  2 adders (D:2)
  2 oozes
  A worm (D:2)
  A leopard gecko (D:2)
  3 giant cockroaches
  6 goblins (D:1)
  6 hobgoblins
  5 kobolds (D:1)
  A quokka (D:2)
  6 bats
  3 frilled lizards (D:2)
  22 rats
60 creatures vanquished.

Notes
Turn   | Place    | Note
-------+----------+-------------------------------------------
     0 | D:1      | Spazmo the Deep Elf Fire Elementalist began the quest for
                  | the Orb.
     0 | D:1      | Reached XP level 1. HP: 10/10 MP: 6/6
   146 | D:1      | Reached XP level 2. HP: 14/15 MP: 4/8
   150 | D:1      | Learned a level 2 spell: Throw Flame
   611 | D:1      | Reached XP level 3. HP: 19/19 MP: 4/9
   649 | D:1      | Learned a level 3 spell: Conjure Flame
  1256 | D:2      | Reached XP level 4. HP: 24/24 MP: 10/12
  1428 | D:2      | Noticed Natasha
  1432 | D:2      | Killed Natasha
  1548 | D:2      | Noticed Natasha
  1552 | D:2      | Killed Natasha
  1661 | D:3      | Noticed Grinder
  1672 | D:3      | Paralysed by Grinder for 7 turns
  1678 | D:3      | Slain by Grinder

Levels and vault maps discovered:
D:1:      wander_arrival_chamber, layout_rooms
D:2:      layout_rooms, minmay_rat_hole, uniq_natasha
D:3:      layout_loops_corners, minmay_checkerbox, uniq_grinder

Skill      XL: |  1  2  3  4 |
---------------+-------------+-----
Stealth        | 3 |  3.0
Dodging        | 3 |  3.0
Conjurations   | 2 |  2.8
Spellcasting   | 4 |  4.4
Fire Magic     | 4 |  4.3

Action                   |  1- 3 |  4- 6 || total
-------------------------+-------+-------++-------
Melee: Short sword       |     1 |       ||     1
Throw: Stone             |     1 |       ||     1
 Cast: Flame Tongue      |    79 |    17 ||    96
       Throw Flame       |       |     5 ||     5
  Use: Scroll            |     5 |     1 ||     6
       Potion            |     1 |       ||     1
  Eat: Chunk             |     1 |     1 ||     2
Armor: Robe              |     2 |       ||     2
Dodge: Dodged            |    17 |       ||    17

Table legend:
 A = Non-vault XP
 B = Vault XP
 C = Vault XP percentage of total XP
 D = Non-vault monster count
 E = Vault monster count
 F = Vault count percentage of total count
                 A         B        C        D         E       F
            +---------+---------+-------+---------+---------+-------
      Total |     136 |      55 |  28.8 |      40 |      20 |  33.3
            +---------+---------+-------+---------+---------+-------
        D:1 |      43 |       0 |   0.0 |      23 |       0 |   0.0
        D:2 |      93 |      55 |  37.2 |      17 |      20 |  54.1
            +---------+---------+-------+---------+---------+-------
